 Dungeon Crawl Stone Soup version 0.29.0-13-gc9e81de378 (webtiles) character file.

Game seed: 9741071672076549180

163 mtoz the Cutter (level 5, -4/33 HPs)
             Began as a Kobold Chaos Knight on Sept 8, 2022.
             Was a Plaything of Xom.
             Slain by Terence
             ... wielding a +0 short sword
              (5 damage)
             ... on level 2 of the Dungeon.
             The game lasted 00:06:09 (1985 turns).

mtoz the Cutter (Kobold Chaos Knight)               Turns: 1985, Time: 00:06:10

Health: -4/33      AC:  6    Str: 11    XL:     5   Next: 72%
Magic:  5/5        EV: 15    Int: 14    God:    Xom [..*...]
Gold:   42         SH:  0    Dex: 14    Spells: 4/4 levels left

rFire   . . .      SeeInvis .   a - +0 short sword (chaos)
rCold   . . .      Faith    .   (no shield)
rNeg    . . .      Spirit   .   b - +2 leather armour
rPois   .          Reflect  .   m - +0 helmet
rElec   .          Harm     .   (no cloak)
rCorr   .          Rampage  .   (no gloves)
Will    +....                   (no boots)
Stlth   ++........              (no amulet)
HPRegen 0.11/turn               f - ring of willpower
MPRegen 0.09/turn               (no ring)

@: no status effects
A: small, no large weapons, nightstalker 3
a: Renounce Religion


You were on level 2 of the Dungeon.
You worshipped Xom.
You were a toy of Xom.
You visited 1 branch of the dungeon, and saw 2 of its levels.

You collected 90 gold pieces.
You spent 48 gold pieces at shops.

Inventory:

Hand Weapons
 a - a +0 short sword of chaos (weapon)
 h - a +0 flail
 j - a +0 dagger
Armour
 b - a +2 leather armour (worn)
 m - a +0 helmet (worn)
Jewellery
 f - a ring of willpower (left hand)
Scrolls
 g - a scroll of brand weapon {unknown}
 l - a scroll of teleportation {unknown}
 n - a scroll of fog {unknown}
 o - a scroll of poison {unknown}
 q - a scroll of blinking {unknown}
 t - a scroll of identify
 u - a scroll of enchant weapon {unknown}
Potions
 d - a potion of flight
 e - 2 potions of curing
 i - a potion of ambrosia
 k - 2 potions of cancellation {unknown}
 p - a potion of heal wounds {unknown}
 r - a potion of degeneration {unknown}
 s - a potion of haste {unknown}
Miscellaneous
 c - a piece from Xom's chessboard (15/15) (quivered)


   Skills:
 + Level 4.1 Fighting
 + Level 5.0 Short Blades
 + Level 1.9 Armour
 + Level 3.6 Dodging
 + Level 2.4 Evocations


You had 4 spell levels left.
You didn't know any spells.
Your spell library was empty.

Dungeon Overview and Level Annotations

Branches:
Dungeon (2/15)

Altars:

Shops:
D:1 ?   D:2 *

Annotations:
D:2 Terence


Innate Abilities, Weirdness & Mutations

You are small and have problems with some larger weapons.
You are completely attuned to the shadows.


Message History

The worm is heavily wounded.
You barely miss the worm.
The worm is heavily wounded.
The worm closely misses you.
You hit the worm. You freeze the worm.
The worm is severely wounded.
You hit the worm. You burn the worm.
The worm is almost dead.
You kill the worm!
You see here a +0 ring mail.
Found 6 stones.
An adder comes into view.
Found 2 large rocks.
The helpless adder fails to defend itself.
You puncture the adder!
You kill the adder!
Your Short Blades skill increases to level 5!
No target in view!
You see here an adder corpse.
t - a scroll of identify
u - a scroll labelled UROZ XAUNE
Found a stone staircase leading down.
Terence the Incautious comes into view.
He is wielding a +0 short sword.
There is a stone staircase leading down here.
Terence shouts!
You closely miss Terence. Terence hits you with a +0 short sword.
You closely miss Terence. Terence misses you.
You barely miss Terence. Terence misses you.
You hit Terence but do no damage.
Terence drinks a potion.
Terence flickers and vanishes!
Deactivating autopickup; reactivate with Ctrl-A.
You hit something but do no damage. Something hits you.
You hit something. Something hits you.
You miss something. Something hits you!
You closely miss something. Something barely misses you. Something hits you.
You hit something but do no damage. Something hits you!
* * * LOW HITPOINT WARNING * * *
You hit something but do no damage.
Nothing appears to happen.
Something hits you.
You die...

..# # #.# #. #.#
#.###### #.#
#......######.#######
#>@{...............
#.#.......#######.#
#.#........# #.#
#.#........# #.#
####.#........######.#
#....# ..[...........
#.##.# ..............
#.##.# ..............
#.##.# .......#.##.#.#


There were no monsters in sight!

Vanquished Creatures
  Jessica (D:2)
  Natasha (thrice) (D:2)
  2 adders (D:2)
  An adder zombie (D:2)
  A worm (D:2)
  3 dart slugs (D:1)
  3 bat skeletons (D:2)
  A bat zombie (D:2)
  An endoplasm (D:1)
  A giant cockroach (D:2)
  2 hobgoblins
  A quokka (D:1)
  3 ball pythons (D:1)
  A ball python zombie (D:2)
  3 bats
  A frilled lizard (D:1)
  2 goblins
  A jackal skeleton (D:2)
  2 kobolds (D:1)
  A quokka skeleton (D:2)
  3 rats
37 creatures vanquished.

Notes
Turn   | Place    | Note
-------+----------+-------------------------------------------
     0 | D:1      | mtoz the Kobold Chaos Knight began the quest for the Orb.
     0 | D:1      | Reached XP level 1. HP: 14/14 MP: 1/1
    96 | D:1      | Reached XP level 2. HP: 17/19 MP: 2/2
    98 | D:1      | Reached skill level 1 in Armour
   185 | D:1      | XOM: divination: detect items
   416 | D:1      | Reached skill level 1 in Evocations
   554 | D:1      | Found Jaeb's Magic Scroll Shop.
   557 | D:1      | Bought a scroll of identify for 24 gold pieces
   557 | D:1      | Bought a scroll of identify for 24 gold pieces
   613 | D:1      | Reached XP level 3. HP: 23/23 MP: 3/3
  1025 | D:2      | Noticed Natasha
  1033 | D:2      | Killed Natasha
  1034 | D:2      | Reached XP level 4. HP: 27/29 MP: 4/4
  1086 | D:2      | Found Gasch's General Store.
  1101 | D:2      | Found a faded altar of an unknown god.
  1184 | D:2      | Identified the +7 spear of the Enfolding Gods {antimagic,
                  | Drain Will+ Int+8}
  1203 | D:2      | Noticed Natasha
  1213 | D:2      | Killed Natasha
  1230 | D:2      | XOM: noise
  1482 | D:2      | Noticed Jessica
  1488 | D:2      | Killed Jessica
  1489 | D:2      | Reached XP level 5. HP: 17/33 MP: 5/5
  1555 | D:2      | Noticed Natasha
  1564 | D:2      | Killed Natasha
  1788 | D:2      | XOM: divination: magic mapping
  1874 | D:2      | XOM: noise
  1948 | D:2      | Reached skill level 5 in Short Blades
  1974 | D:2      | Noticed Terence
  1984 | D:2      | HP: 1/33 [something (9)]
  1985 | D:2      | Slain by Terence

Illustrated notes

Levels and vault maps discovered:
D:1:      tarquinn_simple_flora_water_e, layout_loops_ring, serial_shops,
          nicolae_shop_behind_doors, minmay_circled_x
D:2:      layout_basic, serial_undead, serial_undead_c, serial_undead_d,
          serial_undead_d, serial_undead_e, serial_shops, shop,
          shapermc_ecumenical_altar_starsandcircs, uniq_natasha, uniq_jessica,
          uniq_terence

Skill      XL: |  1  2  3  4  5 |
---------------+----------------+-----
Armour         | 1 |  1.9
Evocations     | 1 2 |  2.4
Dodging        | 3 |  3.6
Fighting       | 4 |  4.1
Short Blades   | 5 |  5.0

Action                   |  1- 3 |  4- 6 || total
-------------------------+-------+-------++-------
Melee: Short sword       |    54 |    79 ||   133
       Punch             |       |     1 ||     1
  Use: Scroll            |     3 |       ||     3
 Stab: Sleeping          |     5 |     3 ||     8
       Paralysed         |       |     1 ||     1
Armor: Leather armour    |     8 |    32 ||    40
Dodge: Dodged            |    21 |    82 ||   103
